 Dungeon Sprint DCSS version 0.29.0-11-gd7f09526c8 (webtiles) character file.

Game seed: 3141525529670556601

287 Zeld the Cleaver (level 6, -6/91 HPs)
             Began as a Minotaur Berserker on Sept 6, 2022.
             Was a Believer of Trog.
             Mangled by Sonja
             ... wielding a +1 short sword of distortion
              (7 damage)
             ... in the Dungeon (Sprint I: "Red Sonja").
             The game lasted 00:00:53 (826 turns).

Zeld the Cleaver (Minotaur Berserker)                Turns: 826, Time: 00:00:54

Health: -6/91      AC:  0    Str: 24    XL:     6   Next: 8%
Magic:  5/5        EV: 13    Int:  4    God:    Trog [**....]
Gold:   307        SH:  0    Dex:  9    Spells: 5/5 levels left

rFire   . . .      SeeInvis .   a - +0 hand axe
rCold   . . .      Faith    .   (no shield)
rNeg    . . .      Spirit   .   (no body armour)
rPois   .          Reflect  .   (helmet restricted)
rElec   .          Harm     .   (no cloak)
rCorr   .          Rampage  .   (no gloves)
Will    .....      NoTele   +   (no boots)
Stlth   ..........              (no amulet)
HPRegen 0.25/turn               (no ring)
MPRegen 0.09/turn               (no ring)

@: berserking, very quick
A: horns 2, retaliatory headbutt
a: Renounce Religion, Berserk, Trog's Hand


You were in the Dungeon.
You worshipped Trog.
Trog was pleased with you.
You visited 1 branch You collected 307 gold pieces.

Inventory:

Hand Weapons
 a - a +0 hand axe (weapon)
Wands
 i - a wand of flame (9)
Scrolls
 h - a scroll of blinking
 k - a scroll of identify {unknown}
Potions
 c - a potion of curing
 d - a potion of heal wounds
 e - a potion of haste
 f - 2 potions of magic
 g - a potion of berserk rage
 j - a potion of degeneration {unknown}


   Skills:
 + Level 7.7 Fighting
 * Level 10.3 Axes
 + Level 7.2 Armour
 + Level 6.5 Dodging


You had 5 spell levels left.
You didn't know any spells.
Your spell library was empty.

Dungeon Overview and Level Annotations

Branches:
Dungeon (1/1)

Altars:
Sif Muna
Vehumet
Wu Jian

Annotations:
D Sonja


Innate Abilities, Weirdness & Mutations

You have a pair of horns on your head.
You reflexively headbutt those who attack you in melee.


Message History

You open the door.
Sonja, the Graceful Assassin comes into view.
She is wielding a +1 short sword of distortion and quivering curare-tipped darts.
Sonja shouts!
Found 108 gold pieces.
Unknown command.
Aiming: Throw Flame
Press: ? - help, Shift-Dir - straight line, f - Sonja
Aim: Sonja, wielding a +1 short sword of distortion and quivering curare-tipped darts (25% to hit)
The puff of flame misses Sonja.
Sonja mumbles some strange words.
Sonja blinks!
A red film seems to cover your vision as you go berserk!
You feel yourself moving faster!
You feel mighty!
You miss Sonja.
Sonja hits you with a +1 short sword of distortion!
Space warps horribly around you!! Sonja barely misses you.
Sonja hits you with a +1 short sword of distortion.
Space warps around you.
You barely miss Sonja.
Sonja hits you with a +1 short sword of distortion. x2
Space warps horribly around you!
Sonja hits you with a +1 short sword of distortion.
* * * LOW HITPOINT WARNING * * *
You barely miss Sonja. Your headbutt misses Sonja. You closely miss Sonja.
Sonja hits you with a +1 short sword of distortion!
* * * LOW HITPOINT WARNING * * *
Sonja hits you with a +1 short sword of distortion!
* * * LOW HITPOINT WARNING * * *
Space warps around you.
* * * LOW HITPOINT WARNING * * *
Sonja hits you with a +1 short sword of distortion.
* * * LOW HITPOINT WARNING * * *
Space warps around you.
* * * LOW HITPOINT WARNING * * *
Unknown command.
You hit Sonja.
Sonja is lightly wounded.
Sonja hits you with a +1 short sword of distortion!
You die...

################
#<.#..)..#..'..#
#..').#..').#..+
#..#####'#####'#
#..# #..#...#.#
#..# ####..##.#
#..# ##'#_.+
#⌠⌠# +.K[_# ####
#_@#'# ##'#[#
#.### $.$ $.$
##.## #+#


You could see Sonja.

Vanquished Creatures
  Sigmund (D)
  An ogre (D)
  A jelly (D)
  Ijyb (D)
4 creatures vanquished.

Notes
Turn   | Place    | Note
-------+----------+-------------------------------------------
     0 | D        | Zeld the Minotaur Berserker began the quest for the Orb.
     0 | D        | Reached XP level 1. HP: 19/19 MP: 0/0
     1 | D        | Noticed Ijyb
     8 | D        | Killed Ijyb
     9 | D        | Reached skill level 5 in Axes
     9 | D        | Reached XP level 2. HP: 20/28 MP: 1/1
   156 | D        | Noticed an ogre
   159 | D        | Killed an ogre
   160 | D        | Reached skill level 7 in Axes
   160 | D        | Reached skill level 5 in Armour
   160 | D        | Reached XP level 3. HP: 19/37 MP: 2/2
   160 | D        | Reached XP level 4. HP: 22/44 MP: 3/3
   498 | D        | Noticed Sigmund
   514 | D        | Killed Sigmund
   514 | D        | Reached ** piety under Trog
   515 | D        | Reached skill level 10 in Axes
   515 | D        | Reached XP level 5. HP: 36/52 MP: 4/4
   737 | D        | Found an ornate altar of the Wu Jian Council.
   737 | D        | Found a shimmering blue altar of Sif Muna.
   742 | D        | Found a radiant altar of Vehumet.
   746 | D        | Reached XP level 6. HP: 61/61 MP: 5/5
   819 | D        | Noticed Sonja
   825 | D        | HP: 2/91 [Sonja/+1 short sword of distortion (6)]
   826 | D        | Mangled by Sonja

Illustrated notes

Levels and vault maps discovered:
D:        dungeon_sprint_1 [red_sonja_temple_1, red_sonja_temple_small_1]

Skill      XL: |  1  2  3  4 |
---------------+-------------+-----
Fighting       | 4 6 7 |  7.7
Axes           | 5 7 10 | 10.3
Armour         | 3 5 7 |  7.2
Dodging        | 3 4 6 |  6.5

Action                   |  1- 3 |  4- 6 || total
-------------------------+-------+-------++-------
Melee: Hand axe          |     7 |    18 ||    25
       Headbutt          |     1 |       ||     1
Invok: Berserk           |     2 |     3 ||     5
Evoke: Wand              |       |     1 ||     1
Dodge: Dodged            |     2 |     3 ||     5
